 Dungeon Crawl Stone Soup version 0.21.0 (webtiles) character file.

2 tidbits the Vexing (level 1, -3/25 HPs)
             Began as a Gnoll Arcane Marksman on Jan 6, 2018.
             Slain by a hungry ghost (4 damage)
             ... on level 3 of the Dungeon.
             The game lasted 00:01:09 (196 turns).

tidbits the Vexing (Gnoll Arcane Marksman)           Turns: 196, Time: 00:01:09

Health: -3/25      AC:  2    Str: 17    XL:     1   Next: 40%
Magic:  4/4        EV: 14    Int: 15    God:
Gold:   19         SH:  0    Dex: 15    Spells: 4/5 levels left

rFire    . . .     SeeInvis .   a - +0 short sword
rCold    . . .     Gourm    .   (no shield)
rNeg     . . .     Faith    .   k - +0 robe
rPois    .         Spirit   .   (no helmet)
rElec    .         Reflect  .   (no cloak)
rCorr    .         Harm     .   (no gloves)
MR       .....     Rnd*Tele +   (no boots)
Stlth    ..........             (no amulet)
HPRegen  0.08/turn              g - ring of teleportation (curse)
MPRegen  0.09/turn              (no ring)

@: berserking (expiring), very quick
A: distributed training, fangs 1, strong nose
a: no special abilities


You were on level 3 of the Dungeon.
You were near starving.

You visited 1 branch of the dungeon, and saw 3 of its levels.

You collected 19 gold pieces.

Inventory:

Hand Weapons
 a - a +0 short sword (weapon)
Missiles
 c - 4 javelins (quivered)
 d - 2 throwing nets {!f}
 i - 27 bolts
Armour
 k - a +0 robe (worn)
Jewellery
 g - a cursed ring of teleportation (left hand)
   (You found it on level 1 of the Dungeon)
Scrolls
 e - a scroll of immolation {unknown}
 j - a scroll of identify {unknown}
Potions
 h - a potion of berserk rage
 l - 2 potions of brilliance {unknown}
Books
 b - a book of Debilitation

   Spells                             Type                      Level
   a - Corona                         Hexes                        1
   b - Slow                           Hexes                        2
   c - Inner Flame                    Hexes/Fire                   3
   d - Portal Projectile              Hexes/Translocation          3
   e - Cause Fear                     Hexes                        4
   f - Leda's Liquefaction            Hexes/Earth                  4
Comestibles
 f - a ration


   Skills:
 + Level 2.3 Fighting
 + Level 0.0 Short Blades
 + Level 0.0 Long Blades
 + Level 0.0 Axes
 + Level 0.0 Maces & Flails
 + Level 0.0 Polearms
 + Level 0.0 Staves
 + Level 0.0 Slings
 + Level 0.0 Bows
 + Level 0.0 Crossbows
 + Level 4.4 Throwing
 + Level 0.0 Armour
 + Level 4.4 Dodging
 + Level 0.0 Stealth
 + Level 0.0 Shields
 + Level 0.0 Unarmed Combat
 + Level 2.6 Spellcasting
 + Level 0.0 Conjurations
 + Level 5.3 Hexes
 + Level 0.0 Charms
 + Level 0.0 Summonings
 + Level 0.0 Necromancy
 + Level 0.0 Translocations
 + Level 0.0 Transmutations
 + Level 0.0 Fire Magic
 + Level 0.0 Ice Magic
 + Level 0.0 Air Magic
 + Level 0.0 Earth Magic
 + Level 0.0 Poison Magic
 + Level 0.1 Invocations
 + Level 0.0 Evocations


You had 4 spell levels left.
You knew the following spells:

 Your Spells              Type           Power        Failure   Level  Hunger
a - Corona                Hex            ###....      2%          1    #......


Dungeon Overview and Level Annotations

Branches:
Dungeon (3/15)

Altars:


Innate Abilities, Weirdness & Mutations

Your experience applies equally to all skills.
You have very sharp teeth.
Your uncanny sense of smell can sniff out nearby items.


Message History

The kobold shouts!
Throwing (i - inventory. (,) - cycle):
c - 5 javelins (quivered)
Press: ? - help, Shift-Dir - straight line, f - kobold
Aim: a kobold, wielding a short sword You throw a javelin.
The javelin hits the kobold!
You kill the kobold!
c - 5 javelins (gained 1)
You see here a short sword.
k - a short sword Wield which item (- for none, * to show all)? (? for menu, Esc to quit)
k - a +0 short sword (weapon)
Adjust (i)tems, (s)pells, or (a)bilities?
Adjust which item? (? for menu, Esc to quit)
k - a +0 short sword (weapon)
Adjust to which letter? (? for menu, Esc to quit)
a - a +0 short sword (weapon);
k - a +0 robe (worn)
There is a stone staircase leading down here.
You climb downwards.
There is a stone staircase leading up here.
Unknown command.
Found 9 gold pieces.
Found a stone staircase leading down.
You now have 19 gold pieces (gained 9).
You open the door.
Found a short sword.
There is a stone staircase leading down here.
You climb downwards.
Found a stone staircase leading down.
There is a stone staircase leading up here.
Found 16 stones.
A goblin comes into view.
The goblin shouts!
Found 2 sedimented silvery potions.
l - 2 sedimented silvery potions
Found a mace.
Throwing (i - inventory. (,) - cycle):
c - 5 javelins (quivered)
Press: ? - help, Shift-Dir - straight line, f - goblin
Aim: a goblin You throw a javelin.
The javelin hits the goblin.
The goblin is moderately wounded.
You are suddenly yanked towards some nearby monsters!
Your surroundings suddenly seem different.
Found a stone staircase leading down.
A hobgoblin and a hungry ghost come into view.
Found 14 stones.
The hobgoblin shouts!
A worm comes into view.
Found a scale mail.
You see here 14 stones.
Okay, then.
Okay, then.
It was a potion of berserk rage.
A red film seems to cover your vision as you go berserk!
You feel yourself moving faster!
You feel mighty! The hungry ghost hits you.
You feel a lot more hungry. The hobgoblin barely misses you.
You hit the hungry ghost.
The hungry ghost is lightly damaged.
The hungry ghost hits you.
You feel a lot more hungry. The hobgoblin hits you.
You miss the hungry ghost. You bite the hungry ghost.
The hungry ghost is moderately damaged.
The hungry ghost hits you.
You are feeling hungry.
The hobgoblin closely misses you.
You miss the hungry ghost.
The hungry ghost is moderately damaged.
You barely miss the hungry ghost.
The hungry ghost is moderately damaged.
The hungry ghost completely misses you. The hobgoblin hits you.
You hit the hungry ghost. Your bite misses the hungry ghost.
The hungry ghost is heavily damaged.
The hungry ghost barely misses you. The hobgoblin misses you.
You closely miss the hungry ghost. You bite the hungry ghost.
The hungry ghost is heavily damaged.
The hungry ghost hits you.
* * * LOW HITPOINT WARNING * * *
You are feeling very hungry.
You barely miss the hungry ghost.
The hungry ghost is heavily damaged.
The hobgoblin hits you but does no damage.
You miss the hungry ghost.
The hungry ghost is heavily damaged.
The hungry ghost hits you.
* * * LOW HITPOINT WARNING * * *
You are near starving!
The hobgoblin misses you.
You miss the hungry ghost.
The hungry ghost is heavily damaged.
The hungry ghost hits you.
* * * LOW HITPOINT WARNING * * *
You feel somewhat more hungry. The hobgoblin misses you.
You closely miss the hungry ghost.
The hungry ghost is heavily damaged.
The hungry ghost barely misses you.
You miss the hungry ghost. Your bite misses the hungry ghost.
The hungry ghost is heavily damaged.
The hobgoblin hits you.
* * * LOW HITPOINT WARNING * * *
You puncture the hungry ghost!
The hungry ghost is almost destroyed.
The hungry ghost hits you.
You die...

# #.## .## ##.
#........ w...
... [.^.> #....
#.##.....
#.....###........
............#
#.#####w..#.#
#...#W# #...g@#
#...### #...#
#...# #...# #...#
##### ∆


You could see a hungry ghost, a worm and a hobgoblin.

Vanquished Creatures
  2 kobolds (D:1)
2 creatures vanquished.

Notes
Turn   | Place    | Note
-------+----------+-------------------------------------------
     0 | D:1      | tidbits the Gnoll Arcane Marksman began the quest for the Orb.
     0 | D:1      | Reached XP level 1. HP: 17/17 MP: 4/4
   178 | D:3      | Noticed a hungry ghost
   195 | D:3      | HP: 1/25 [hobgoblin (3)]
   196 | D:3      | Slain by a hungry ghost

Action                   || total
-------------------------++-------
Melee: Short sword       ||    12
       Bite              ||     2
Throw: Javelin           ||     3
  Use: Potion            ||     1
Armor: Robe              ||     3
Dodge: Dodged            ||     8

Table legend:
 A = Turns spent in this place as a percentage of turns spent in the entire game.
 B = Non-inter-level travel turns spent in this place as a percentage of non-inter-level travel turns spent in the entire game.
 C = Inter-level travel turns spent in this place as a percentage of turns spent in this place.
 D = Turns resting spent in this place as a percentage of non-inter-level travel turns spent in this place.
 E = Turns spent auto-exploring this place as a percentage of non-inter-level travel turns spent in this place.
 F = Non-inter-level travel turns spent in this place divided by the number of levels of this place that you've seen.
                   A       B       C       D       E      F
               +-------+-------+-------+-------+-------+----------------------
         Total | 100.0 | 100.0 |   0.0 |   0.0 |   0.0 |  65.3
       Dungeon | 100.0 | 100.0 |   0.0 |   0.0 |   0.0 |  65.3
               +-------+-------+-------+-------+-------+----------------------

Table legend:
 A = Kills in this place as a percentage of kills in entire the game.
 B = Kills by you in this place as a percentage of kills by you in the entire game.
 C = Kills by friends in this place as a percentage of kills by friends in the entire game.
 D = Other kills in this place as a percentage of other kills in the entire game.
 E = Experience gained in this place as a percentage of experience gained in the entire game.
 F = Experience gained in this place divided by the number of levels of this place that you have seen.
                   A       B       C       D       E      F
               +-------+-------+-------+-------+-------+----------------------
         Total | 100.0 | 100.0 |   N/A |   N/A | 100.0 |   1.3
       Dungeon | 100.0 | 100.0 |   N/A |   N/A | 100.0 |   1.3
               +-------+-------+-------+-------+-------+----------------------

Vault maps used:
D:1:      minmay_arrival_loop
D:2:      uniq_natasha, uniq_terence, uniq_robin, uniq_jessica
D:3:      nrook_mini_vaults
